 Dungeon Crawl Stone Soup version 0.29.0-5-ge4962eb29e (webtiles) character file.

Game seed: 17835349097691566471

8411 Arum the Fighter (level 11, -4/97 HPs)
             Began as a Formicid Fighter on Aug 28, 2022.
             Was an Elder of Makhleb.
             Killed by divine providence
             ... invoked by an orc high priest
              (10 damage)
             ... in a bailey.
             The game lasted 00:23:24 (13101 turns).

Arum the Fighter (Formicid Fighter)                Turns: 13101, Time: 00:23:24

Health: -4/97      AC: 17    Str: 27    XL:     11   Next: 55%
Magic:  15/15      EV: 12    Int:  9    God:    Makhleb [****..]
Gold:   118        SH:  6    Dex: 17    Spells: 10/10 levels left

rFire   . . .      SeeInvis +   s - +2 mace "Civuofy" {freeze, rC+ Str+3 Dex+4}
rCold   + + .      Faith    .   c - +0 buckler
rNeg    . . .      Spirit   .   I - +2 chain mail {rC+}
rPois   +          Reflect  .   (helmet unavailable)
rElec   .          Harm     .   q - +1 cloak of Starlight {*Dazzle EV+4 Stlth--}
rCorr   .          Rampage  .   G - +0 pair of gloves
Will    ++...                   (no boots)
Stlth   ..........              (no amulet)
HPRegen 0.26/turn               i - ring of willpower
MPRegen 0.14/turn               D - ring of poison resistance

@: no status effects
A: permanent stasis, dig shafts and tunnels, antennae 3, four strong arms
a: Dig, Renounce Religion, Minor Destruction, Lesser Servant of Makhleb, Major
Destruction


You were in a bailey.
You worshipped Makhleb.
Makhleb was greatly pleased with you.
You visited 2 branches of the dungeon, and saw 12 of its levels.
You also visited: Sewer, Ossuary and Bailey.

You collected 545 gold pieces.
You spent 427 gold pieces at shops.

Inventory:

Hand Weapons
 s - the +2 mace "Civuofy" (weapon) {freeze, rC+ Str+3 Dex+4}
   (You found it on level 3 of the Dungeon)

   It freezes those it strikes, dealing additional cold damage.
   It can also slow down cold-blooded creatures.
   Str:       It affects your strength (+3).
   Dex:       It affects your dexterity (+4).
   rC:        It protects you from cold.
 E - a +2 whip of freezing
Armour
 c - a +0 buckler (worn)
 h - a +1 scale mail of positive energy
 q - the +1 cloak of Starlight (worn) {*Dazzle EV+4 Stlth--}
   (You acquired it in a bailey)

   It may blind those who miss an attack against the wearer in melee combat.
   EV:        It affects your evasion (+4).
   Stlth:     It makes you much less stealthy.
 G - a +0 pair of gloves (worn)
 I - a +2 chain mail of cold resistance (worn)
Jewellery
 g - a ring of protection from fire
 i - a ring of willpower (left hand)
 o - a +6 ring of dexterity
 t - a ring of positive energy
 v - a ring of magical power
 D - a ring of poison resistance (right hand)
Wands
 a - a wand of roots (19)
 H - a wand of paralysis (8)
Scrolls
 e - 3 scrolls of enchant armour {unknown}
 m - 5 scrolls of identify
 n - 3 scrolls of vulnerability {unknown}
 r - a scroll of summoning {unknown}
 u - a scroll of blinking {unknown}
 w - 3 scrolls of fear {unknown}
 y - 3 scrolls of noise {unknown}
 z - a scroll of poison {unknown}
 A - a scroll of fog {unknown}
 K - a scroll of enchant weapon {unknown}
Potions
 b - 7 potions of flight
 d - 3 potions of might
 f - 3 potions of haste
 j - a potion of magic
 k - 2 potions of attraction
 l - a potion of brilliance
 p - 2 potions of curing
 B - 2 potions of lignification
 J - 2 potions of cancellation


   Skills:
 * Level 12.8 Fighting
 + Level 8.6 Maces & Flails
 + Level 9.8 Armour
 - Level 5.0 Shields
 - Level 5.5 Invocations


You had 10 spell levels left.
You didn't know any spells.
Your spell library contained the following spells:

 Spells                   Type           Power      Damage    Failure   Level
 Freeze                   Ice            0%         1d3       92%         1
 Searing Ray              Conj           0%         2d4       98%         2
 Static Discharge         Conj/Air       0%         3-3/arc   98%         2
 Sublimation of Blood     Necr           0%         N/A       98%         2
 Gell's Gravitas          Tloc           0%         N/A       100%        3
 Teleport Other           Tloc           0%         N/A       100%        3
 Hailstorm                Conj/Ice       0%         3d3       100%        4
 Petrify                  Tmut/Erth      0%         N/A       100%        4
 Irradiate                Conj/Tmut      0%         3d11      100%        5
 Lightning Bolt           Conj/Air       0%         1d11      100%        5
 Dispersal                Tloc           0%         N/A       100%        6
 Lehudib's Crystal Spear  Conj/Erth      0%         10d2      100%        8
 Maxwell's Capacitive Co  Air            0%         ∞         100%        8


Dungeon Overview and Level Annotations

Branches:
Dungeon (11/15)            Temple (1/1) D:5             Orc (0/2) D:11
  Sewer (visited)         Ossuary (visited)          Bailey (1/1)
   Lair: D:8-11

Altars:
Ashenzari
Cheibriados
Dithmenos
Elyvilon
Fedhas
Gozag
Hepliaklqana
Kikubaaqudgha
Makhleb
Nemelex Xobeh
Okawaru
Qazlal
Ru
Sif Muna
Trog
Uskayaw
Vehumet
Wu Jian
Xom
Yredelemnul
Zin
The Shining One

Shops:
D:3 *   D:7 =(   D:8 [   D:11 *

Annotations:
D:9 Maggie


Innate Abilities, Weirdness & Mutations

You cannot be hasted, slowed, berserked, paralysed or teleported.
You can dig through walls and to a lower floor.
You have a pair of large antennae on your head. (SInv)
Your four strong arms can wield two-handed weapons with a shield.


Message History

Unknown command.
Okay, then.
Okay, then.
Unknown command.
Aiming: Major Destruction (17% risk of failure)
Press: ? - help, Shift-Dir - straight line, f/p - orc high priest
Aim: an orc high priest, wielding a +0 war axe and wearing a +0 scale mail (lightly wounded, covered in acid)
You fail to use your ability.
The sun demon hits you but does no damage.
The sun demon hits your orange demon!
Your orange demon dies!
Your orange demon disappears in a puff of smoke!
The sun demon closely misses you.
Unknown command.
Aiming: Major Destruction (17% risk of failure)
Press: ? - help, Shift-Dir - straight line, f/p - orc high priest
Aim: an orc high priest, wielding a +0 war axe and wearing a +0 scale mail (lightly wounded, covered in acid)
You fail to use your ability.
The sun demon hits you.
You are engulfed in flames!
* * * LOW HITPOINT WARNING * * *
The sun demon completely misses you.
The sun demon is temporarily struck blind!
Unknown command.
Aiming: Major Destruction (17% risk of failure)
Press: ? - help, Shift-Dir - straight line, f/p - orc high priest
Aim: an orc high priest, wielding a +0 war axe and wearing a +0 scale mail (lightly wounded, covered in acid)
The bolt of fire misses the sun demon.
The bolt of fire misses the orc high priest.
The sun demon barely misses you. The sun demon hits you.
* * * LOW HITPOINT WARNING * * *
You are engulfed in flames!!
* * * LOW HITPOINT WARNING * * *
Unknown command.
Okay, then.
You feel better.
The sun demon is no longer covered in acid.
The sun demon completely misses you. The sun demon barely misses you.
The orc high priest invokes the aid of Beogh against you.
Beogh smites you!
You die...

............'..#.# ≈≈≈≈#
#############..#'#≈≈≈≈≈#
.....)#)....'....#≈≈≈≈≈#
8.8.8.))....#....#≈≈≈≈≈#
..##############.#≈≈≈≈≈#
..# #.'..#.~≈≈≈≈≈# ..#
#..#.~≈≈≈≈≈# ###
#.o#.~≈≈≈≈≈# .# .
#########@~≈≈≈≈≈# .#
....#..8.8..#33≈≈≈≈≈# .#
.._.'.3.....)o~≈≈≈≈≈# .#
....#.o8.8..#.~≈≈≈≈≈# .#
. #########.~≈≈≈≈≈# ###
#..#.~≈≈≈≈≈# ..#
#?.#.~≈≈≈≈≈# ..#
#.'.?#.~≈≈≈≈≈#
..##############.#≈≈≈≈≈#


You could see an orc high priest (corroded), 2 sun demons and an orc.

Vanquished Creatures
  An orc high priest (Bailey)
  Pikel (D:7)
  An orc knight (Bailey)
  Psyche (D:8)
  A troll (D:9)
  A hornet (D:8)
  A centaur simulacrum (D:10)
  3 yaks
  A steam dragon (D:9)
  Menkaure (D:7)
  2 water moccasins
  2 sky beasts
  2 ice beasts
  A black bear (D:5)
  8 orc warriors
  A centaur (D:5)
  A lemure (D:7)
  An elf zombie (Ossuary)
  2 bullfrogs (D:8)
  5 necrophages (D:5)
  2 scorpions (D:5)
  4 wights (D:6)
  A killer bee (D:10)
  4 howler monkeys
  7 electric eels
  2 centaur zombies (Ossuary)
  4 human zombies (Ossuary)
  2 bullfrog zombies (D:5)
  2 orc priests (D:9)
  8 hounds
  Crazy Yiuf (D:7)
  Terence (D:2)
  Natasha (thrice) (D:4)
  3 iguanas
  A merfolk siren (Sewer)
  A merfolk avatar (Sewer)
  6 orc wizards
  2 mummies (Ossuary)
  3 gnolls
  9 adders
  3 river rats (Sewer)
  A white imp (D:10)
  3 ufetubi
  2 worms (D:2)
  6 dart slugs
  22 orcs
  12 ball pythons
  12 endoplasms
  10 giant cockroaches
  13 goblins
  10 hobgoblins
  8 quokkas
  5 bats
  11 frilled lizards
  2 goblin zombies (Ossuary)
  4 hobgoblin zombies (Ossuary)
  6 kobolds
  14 kobold zombies (Ossuary)
  8 orc zombies (Ossuary)
  26 rats
  2 rat zombies (Ossuary)
283 creatures vanquished.

Vanquished Creatures (collateral kills)
  An orc knight (Bailey)
  Joseph (D:8)
  A wyvern (D:9)
  A wraith (D:9)
  A yak (D:9)
  2 orc warriors (Bailey)
  2 orcs
  2 goblins (Bailey)
11 creatures vanquished.

Vanquished Creatures (others)
  A goblin (D:9)
  A bush (D:5)
  12 plants
14 creatures vanquished.

Grand Total: 308 creatures vanquished

Notes
Turn   | Place    | Note
-------+----------+-------------------------------------------
     0 | D:1      | Arum the Formicid Fighter began the quest for the Orb.
     0 | D:1      | Reached XP level 1. HP: 18/18 MP: 1/1
    51 | D:1      | Reached XP level 2. HP: 16/24 MP: 2/2
   388 | D:1      | Reached XP level 3. HP: 26/29 MP: 3/3
   940 | D:2      | Noticed Terence
   950 | D:2      | Killed Terence
   951 | D:2      | Reached XP level 4. HP: 7/37 MP: 4/4
   970 | D:2      | Reached skill level 4 in Fighting
  1266 | D:2      | Reached XP level 5. HP: 25/42 MP: 5/5
  1272 | D:2      | Reached skill level 5 in Shields
  1595 | D:2      | Found a faded altar of an unknown god.
  1604 | D:2      | Got Plato's Lectures on Snow
  2222 | D:2      | Prayed at the altar of an unknown god.
  2222 | D:2      | Became a worshipper of Makhleb the Destroyer
  2222 | D:2      | Reached * piety under Makhleb
  2237 | D:3      | Found Uwnu's Assorted Antiques.
  2241 | D:3      | Bought a tubular coral ring for 105 gold pieces
  2417 | D:3      | Identified the +2 mace "Civuofy" {freeze, rC+ Str+3 Dex+4}
  3044 | D:4      | Reached XP level 6. HP: 42/49 MP: 6/6
  3418 | D:4      | Noticed Natasha
  3425 | D:4      | Killed Natasha
  3479 | D:4      | Noticed Natasha
  3486 | D:4      | Killed Natasha
  3560 | D:4      | Noticed Natasha
  3566 | D:4      | Killed Natasha
  3567 | D:4      | Reached skill level 5 in Fighting
  3616 | D:5      | Entered Level 5 of the Dungeon
  3670 | D:5      | Found a glowing drain.
  3680 | D:5      | Reached skill level 1 in Invocations
  3699 | Sewer    | Entered a sewer
  3770 | Sewer    | Reached ** piety under Makhleb
  3814 | Sewer    | Reached skill level 5 in Armour
  3814 | Sewer    | Reached XP level 7. HP: 44/56 MP: 6/8
  4292 | D:5      | Noticed a water moccasin
  4301 | D:5      | Killed a water moccasin
  4587 | D:5      | Reached skill level 6 in Fighting
  4692 | D:5      | Found a staircase to the Ecumenical Temple.
  4710 | D:5      | Reached *** piety under Makhleb
  4772 | Temple   | Entered the Ecumenical Temple
  4772 | Temple   | Found a transporter.
  4772 | Temple   | Found a transporter.
  4774 | Temple   | Found a transporter.
  4774 | Temple   | Found a transporter.
  4864 | D:5      | Reached XP level 8. HP: 64/64 MP: 8/10
  4891 | D:5      | Got the Vellum of Attacks
  5450 | D:5      | Found a blossoming altar of Fedhas.
  5591 | D:5      | Reached skill level 7 in Fighting
  5599 | D:5      | Reached skill level 5 in Maces & Flails
  5758 | D:6      | HP: 2/49 [wight/+3 trident (10)]
  5763 | D:6      | Reached XP level 9. HP: 4/57 MP: 12/12
  6424 | D:6      | Reached skill level 8 in Fighting
  6954 | D:6      | Found a bloodstained altar of Trog.
  6955 | D:6      | Found a shadowy altar of Dithmenos.
  6987 | D:6      | Reached skill level 5 in Invocations
  7512 | D:7      | Noticed Menkaure
  7520 | D:7      | Killed Menkaure
  7974 | D:7      | Reached skill level 9 in Fighting
  8516 | D:7      | Noticed Pikel
  8531 | D:7      | Killed Pikel
  8532 | D:7      | Reached XP level 10. HP: 49/84 MP: 14/14
  8675 | D:7      | Found Mupay's One-of-a-Kind Rings.
  8735 | D:7      | Found a runed translucent door.
  8736 | D:7      | Noticed Crazy Yiuf
  8741 | D:7      | Killed Crazy Yiuf
  8887 | D:7      | Found Zasugaemp's Antique Weapon Boutique.
  9108 | D:8      | Found Weageah's Armour Shop.
  9116 | D:8      | Bought a +2 chain mail of cold resistance for 322 gold
                  | pieces
  9152 | D:8      | Found a sand-covered staircase.
  9160 | Ossuary  | Entered an ossuary
  9242 | Ossuary  | Reached **** piety under Makhleb
  9395 | Ossuary  | Reached skill level 10 in Fighting
  9479 | D:8      | Noticed Psyche
  9484 | D:8      | Killed Psyche
 10134 | D:8      | Noticed Joseph
 10149 | D:8      | HP: 4/86 [Joseph/+0 quarterstaff (3)]
 10149 | D:8      | Killed Joseph
 10712 | D:9      | Reached skill level 11 in Fighting
 10743 | D:9      | You fall into a shaft and drop 2 floors!
 10743 | D:11     | Found a staircase to the Orcish Mines.
 10747 | D:11     | Found Focipp's General Store.
 10758 | D:10     | Entered Level 10 of the Dungeon
 10832 | D:10     | Reached XP level 11. HP: 26/94 MP: 15/15
 11297 | D:9      | Found a flagged portal.
 11299 | D:9      | Noticed Maggie
 11304 | D:9      | HP: 4/95 [Maggie/bolt of fire (20)]
 11305 | Bailey   | Entered a bailey
 11949 | Bailey   | Reached skill level 12 in Fighting
 11965 | Bailey   | Noticed an orc knight
 11972 | Bailey   | Noticed an orc high priest
 11983 | Bailey   | Noticed a soul eater
 12015 | Bailey   | Killed an orc knight
 12020 | Bailey   | Killed an orc high priest
 12413 | Bailey   | Noticed an orc knight
 12424 | Bailey   | Killed an orc knight
 12818 | Bailey   | Acquired the +1 cloak of Starlight {*Dazzle EV+4 Stlth--}
 12818 | Bailey   | Found the +1 cloak of Starlight {*Dazzle EV+4 Stlth--}
 13080 | Bailey   | Found an iron altar of Okawaru.
 13081 | Bailey   | Noticed an orc high priest
 13085 | Bailey   | Noticed a sun demon
 13085 | Bailey   | Noticed a soul eater
 13096 | Bailey   | Noticed a sun demon
 13100 | Bailey   | HP: 1/97 [sun demon[an orc high priest] (18)]
 13101 | Bailey   | Killed from afar by an orc high priest

Illustrated notes

Levels and vault maps discovered:
D:1:      dpeg_arrival_rooms_c, layout_rooms
D:2:      minmay_recursive_quarters, layout_basic,
          shapermc_ecumenical_altar_rom_forum, chequers_serial_rivers_small_3,
          minivault_19, minmay_pentomino_s4, uniq_terence
D:3:      layout_loops_cross, serial_shops, nicolae_shop_hallway_stairs
D:4:      layout_loops_ring, uniq_natasha
D:5:      layout_loops_cross, fedhas_altar_decomposition, temple_fountains,
          gup_sewer_entry_pipe
D:6:      layout_loops_cross, mainiacjoe_overflow_divided_tiny
D:7:      layout_rooms, serial_shops, nicolae_stop_n_shop_1,
          kennysheep_big_empty_room, nicolae_shop_unique_rings, uniq_menkaure,
          uniq_pikel, uniq_crazy_yiuf_cottage
D:8:      layout_loops_ring, serial_shops, shop, nicolae_ossuary_entry_monument,
          uniq_joseph, uniq_psyche
D:9:      layout_loops_ring, enter_bailey_3, minmay_between, uniq_maggie
D:10:     layout_long_grid, david_lair_generic, serial_ice, serial_ice_i,
          serial_ice_m, serial_ice_b, serial_ice_o, grunt_ministairs_13
D:11:     layout_basic, orc_0_dummy, serial_shops, nicolae_shop_statue_plus,
          minmay_misc_feat_doors, chequers_serial_rivers_small_3
Temple:   hellmonk_temple_divided_pantheon
Bailey:   bailey_axe_of_yendor_kennysheep, bailey

Skill      XL: |  1  2  3  4  5  6  7  8  9 10 11 |
---------------+----------------------------------+-----
Armour         | 4 5 6 7 9 |  9.8
Fighting       | 4 5 6 7 9 11 12 | 12.8
Shields        | 5 |  5.0
Maces & Flails | 3 4 5 6 7 8 |  8.6
Invocations    | 1 2 4 5 |  5.5

Action                   |  1- 3 |  4- 6 |  7- 9 | 10-12 || total
-------------------------+-------+-------+-------+-------++-------
Melee: Flail             |    78 |    68 |       |       ||   146
       Mace              |       |   111 |   272 |   422 ||   805
Invok: Minor Destruction |       |       |       |    13 ||    13
       Lesser Servant of |       |       |       |     7 ||     7
       Major Destruction |       |       |       |     3 ||     3
 Abil: Dig               |     2 |       |     4 |     1 ||     7
Evoke: Wand              |       |       |     2 |     6 ||     8
  Use: Scroll            |       |     2 |       |     5 ||     7
       Potion            |       |       |     7 |     5 ||    12
 Stab: Paralysed         |       |       |       |     4 ||     4
       Distracted        |       |       |       |     2 ||     2
       Invisible         |       |       |       |     2 ||     2
Armor: Scale mail        |    45 |    62 |   113 |       ||   220
       Skin              |       |       |     3 |       ||     3
       Chain mail        |       |       |       |   196 ||   196
Dodge: Dodged            |    29 |    59 |   117 |   121 ||   326
Block: Buckler           |    21 |    51 |    74 |   122 ||   268
